 Dungeon Crawl Stone Soup version 0.29-a0-2-g12fcac58f8 (webtiles) character file.

Game seed: 11311302623028449564

4281 hashsling the Thaumaturge (level 10, 0/50 HPs)
             Began as a Deep Elf Necromancer on Jan 26, 2022.
             Was a Believer of Kikubaaqudgha.
             Killed by divine providence
             ... invoked by an orc priest
              (17 damage)
             ... on level 8 of the Dungeon.
             The game lasted 00:35:28 (13058 turns).

hashsling the Thaumaturge (Deep Elf Necromancer)   Turns: 13058, Time: 00:35:29

Health: 0/50       AC:  6    Str:  5    XL:     10   Next: 10%
Magic:  16/25      EV: 16    Int: 25    God:    Kikubaaqudgha [**....]
Gold:   182        SH:  0    Dex: 15    Spells: 6/28 levels left

rFire   . . .      SeeInvis .   A - +0 quarterstaff (spect)
rCold   . . .      Faith    .   (shield currently unavailable)
rNeg    . . .      Spirit   .   D - +0 robe {Archmagi}
rPois   .          Reflect  .   (no helmet)
rElec   .          Harm     .   n - +0 cloak
rCorr   .          Rampage  .   (no gloves)
Will    +....      Archmagi +   j - +2 pair of boots of Charity {Stlth+}
Stlth   +++.......              (no amulet)
HPRegen 0.16/turn               w - ring of flight
MPRegen 0.19/turn               (no ring)

@: flying
A: no striking features
a: Renounce Religion, Receive Corpses


You were on level 8 of the Dungeon.
You worshipped Kikubaaqudgha.
Kikubaaqudgha was pleased with you.
You visited 2 branches of the dungeon, and saw 9 of its levels.

You collected 259 gold pieces.
You spent 77 gold pieces at shops.

Inventory:

Hand Weapons
 m - a +2 quarterstaff of chaos
 A - a +0 spectral quarterstaff (weapon)
Missiles
 z - 2 throwing nets
Armour
 c - a +1 robe of cold resistance
 j - the +2 pair of boots of Charity (worn) {Stlth+}
   (You found it on level 5 of the Dungeon)

   Stlth:     It makes you more stealthy.
 n - a +0 cloak (worn)
 B - a +0 robe of fire resistance
 D - a +0 robe of the Archmagi (worn)
Jewellery
 w - a ring of flight (left hand)
Wands
 a - a wand of iceblast (2)
 l - a wand of flame (32)
 y - a wand of acid (5)
Scrolls
 b - 3 scrolls of magic mapping {unknown}
 g - 3 scrolls of immolation {unknown}
 o - 5 scrolls of identify {unknown}
 s - 4 scrolls of blinking {unknown}
 u - 2 scrolls of teleportation {unknown}
 v - 2 scrolls of enchant weapon {unknown}
 C - a scroll of summoning {unknown}
Potions
 d - 2 potions of curing {unknown}
 e - 2 potions of heal wounds
 f - 2 potions of degeneration {unknown}
 h - 4 potions of ambrosia {unknown}
 i - a potion of haste {unknown}
 k - 5 potions of might {unknown}
 p - 3 potions of lignification {unknown}
 q - 5 potions of attraction {unknown}
 r - 2 potions of cancellation {unknown}
 t - a potion of mutation {unknown}
 x - a potion of berserk rage {unknown}


   Skills:
 - Level 3.0 Short Blades
 * Level 5.0 Staves
 + Level 9.0 Dodging
 - Level 3.0 Stealth
 + Level 9.9 Spellcasting
 - Level 6.0 Hexes
 + Level 9.8 Necromancy


You had 6 spell levels left.
You knew the following spells:

 Your Spells              Type           Power      Damage    Failure   Level
a - Pain                  Necr           100%       1d9       1%          1
b - Animate Skeleton      Necr           100%       N/A       1%          1
c - Vampiric Draining     Necr           75%        2d11      1%          3
d - Slow                  Hex            100%       N/A       1%          1
e - Confusing Touch       Hex            59%        N/A       1%          3
f - Animate Dead          Necr           37%        N/A       1%          4
g - Agony                 Necr           75%        N/A       2%          5
h - Dispel Undead         Necr           75%        3d25      1%          4

Your spell library contained the following spells:

 Spells                   Type           Power      Damage    Failure   Level
 Corpse Rot               Necr/Air       100%       N/A       1%          2
 Dazzling Flash           Conj/Hex       82%        N/A       4%          3
 Static Discharge         Conj/Air       18%        N/A       8%          2
 Conjure Flame            Conj/Fire      18%        6-21      16%         3
 Silence                  Hex/Air        20%        N/A       38%         5
 Flame Wave               Conj/Fire      18%        2d6       45%         4
 Iskenderun's Mystic Bla  Conj/Tloc      18%        2d6       45%         4
 Passage of Golubria      Tloc           18%        N/A       45%         4
 Sticky Flame             Conj/Fire      18%        2d4       45%         4
 Starburst                Conj/Fire      9%         6d5       100%        6
 Lehudib's Crystal Spear  Conj/Erth      9%         10d4      100%        8


Dungeon Overview and Level Annotations

Branches:
Dungeon (8/15)             Temple (1/1) D:4            Lair (0/6) D:8

Altars:
Ashenzari
Dithmenos
Elyvilon
Fedhas
Gozag
Hepliaklqana
Kikubaaqudgha
Makhleb
Nemelex Xobeh
Okawaru
Qazlal
Ru
Sif Muna
Trog
Uskayaw
Vehumet
Wu Jian
Xom
Yredelemnul
Zin
The Shining One

Shops:
D:6 !   D:7 [


Message History

Confirm with . or Enter, or press ? or * to list all spells.
Aiming: Vampiric Draining (safe; 1% risk of failure)
Press: ? - help, Shift-Dir - straight line, f/p - orc warrior
Aim: an orc warrior, wielding a +0 scimitar and wearing a +0 chain mail (lightly wounded)
You feel a surge of power!
You draw life force from the orc warrior!
You feel life coursing into your body! The orc warrior closely misses you.
The orc priest zaps a wand.
The mass of ice explodes!
The iceblast engulfs you!
The iceblast engulfs the orc warrior!
The orc warrior shouts!
You hear a howl!
Casting: Vampiric Draining (safe; 1% risk of failure)
Confirm with . or Enter, or press ? or * to list all spells.
Aiming: Vampiric Draining (safe; 1% risk of failure)
Press: ? - help, Shift-Dir - straight line, f/p - orc warrior
Aim: an orc warrior, wielding a +0 scimitar and wearing a +0 chain mail (almost dead)
You feel a surge of power!
You draw life force from the orc warrior!
You kill the orc warrior!
Kikubaaqudgha accepts your kill.
You feel life coursing into your body.
The orc priest mumbles some strange prayers to Beogh against you.
Beogh smites you!
Your Dodging skill increases to level 9!
The orc priest zaps a wand.
The mass of ice explodes!
The iceblast engulfs you!
The iceblast engulfs the plant!!
The plant begins to die.
The orc priest calls down the wrath of Beogh upon you.
Beogh smites you!
* * * LOW HITPOINT WARNING * * *
Casting: Vampiric Draining (safe; 1% risk of failure)
Confirm with . or Enter, or press ? or * to list all spells.
Aiming: Vampiric Draining (safe; 1% risk of failure)
Press: ? - help, Shift-Dir - straight line, f - orc priest
Aim: an orc priest, wielding a +0 flail, wearing a +0 ring mail and carrying a wand of iceblast (5)
You feel a surge of power!
You draw life force from the orc priest!
You feel life coursing into your body.
The orc priest invokes the aid of Beogh against you.
Beogh smites you!
You die...
Kikubaaqudgha rasps: "You have failed me!
Welcome... death!"

#...# #..### ...
#...####..##..P.P
#.....)...##..... <
....####.##...... ..
##..###......P..#### P..
#......).).....#>.# .....
##..###...#.....#.)#......
.........##.P..h##'#.....#
##..####.##....o@...P..P.#
#..# #.###....P.......##
#..# #.# #.P.P.P.....P#
#..# #.# ##...P.P.P..##
#..# #.# ###......###
##..# #.# #.#.##.#
....####.######...# .#
##...........)..### ..
##......######## ..


You could see a howler monkey and an orc priest.

Vanquished Creatures
  Maggie (D:6)
  Grinder (D:6)
  Sigmund (D:3)
  A yak (D:8)
  2 water moccasins
  Duvessa (D:6)
  4 orc warriors
  A sky beast (D:8)
  An ice beast (D:6)
  A black bear (D:5)
  A hornet zombie (D:8)
  5 ogres
  2 centaurs (D:8)
  2 phantoms
  A kobold brigand (D:8)
  A gnoll sergeant (D:6)
  5 bullfrogs
  A water moccasin zombie (D:6)
  2 scorpions (D:5)
  A water moccasin skeleton (D:5)
  Dowan (D:6)
  3 wights (D:7)
  2 electric eels (D:8)
  A vampire bat (D:3)
  A howler monkey (D:8)
  Crazy Yiuf (D:2)
  A bullfrog skeleton (D:6)
  3 iguanas
  3 jellies
  Ijyb (D:3)
  5 orc wizards
  A hound zombie (D:5)
  2 howler monkey zombies
  4 gnolls (D:6)
  A howler monkey skeleton (D:6)
  6 adders
  2 ufetubi
  An adder skeleton (D:4)
  2 worms (D:4)
  3 dart slugs
  15 orcs
  2 ball pythons
  4 bats
  3 bat skeletons (D:3)
  2 bat zombies (D:3)
  3 endoplasms (D:1)
  3 giant cockroaches
  5 goblins
  5 hobgoblins
  8 jackals
  3 quokkas
  3 frilled lizards
  8 kobolds
  2 rats
145 creatures vanquished.

Vanquished Creatures (collateral kills)
  A necrophage (D:6)
1 creature vanquished.

Vanquished Creatures (others)
  14 fungi (D:8)
  16 plants (D:8)
30 creatures vanquished.

Grand Total: 176 creatures vanquished

Notes
Turn   | Place    | Note
-------+----------+-------------------------------------------
     0 | D:1      | hashsling the Deep Elf Necromancer began the quest for the
                  | Orb.
     0 | D:1      | Reached XP level 1. HP: 10/10 MP: 6/6
   445 | D:1      | Reached skill level 5 in Necromancy
   445 | D:1      | Reached XP level 2. HP: 4/15 MP: 5/8
   947 | D:1      | Learned a level 1 spell: Animate Skeleton
  2185 | D:2      | Reached XP level 3. HP: 18/19 MP: 8/10
  2209 | D:2      | Learned a level 3 spell: Vampiric Draining
  2928 | D:2      | Found a runed translucent door.
  2929 | D:2      | Noticed Crazy Yiuf
  3502 | D:2      | Killed Crazy Yiuf
  3503 | D:2      | Reached XP level 4. HP: 13/24 MP: 2/12
  3926 | D:3      | Reached skill level 1 in Short Blades
  4290 | D:3      | Learned a level 1 spell: Slow
  4294 | D:3      | Learned a level 3 spell: Confusing Touch
  4372 | D:3      | Noticed Sigmund
  4568 | D:3      | Noticed Ijyb
  4855 | D:3      | Killed Ijyb
  4856 | D:3      | Reached XP level 5. HP: 10/28 MP: 0/13
  5148 | D:3      | Killed Sigmund
  5149 | D:3      | Reached skill level 5 in Spellcasting
  5149 | D:3      | Reached XP level 6. HP: 32/32 MP: 13/15
  5329 | D:3      | Found an ancient bone altar of Kikubaaqudgha.
  5527 | D:4      | Found a shimmering blue altar of Sif Muna.
  5691 | D:4      | Found a staircase to the Ecumenical Temple.
  5700 | Temple   | Entered the Ecumenical Temple
  6366 | D:4      | Reached XP level 7. HP: 17/36 MP: 0/17
  6969 | D:4      | Reached skill level 5 in Dodging
  7077 | D:5      | Entered Level 5 of the Dungeon
  7140 | D:3      | Became a worshipper of Kikubaaqudgha
  7495 | D:5      | Identified the +2 pair of boots of Charity {Stlth+}
  7692 | D:5      | Reached skill level 1 in Staves
  7697 | D:5      | Learned a level 4 spell: Animate Dead
  7703 | D:5      | Learned a level 5 spell: Agony
  7952 | D:5      | Reached XP level 8. HP: 36/41 MP: 7/19
  7955 | D:5      | Got the Collected Works on the Volcanoes
  8925 | D:6      | Found Siutop's Distillery.
  8969 | D:6      | Reached skill level 5 in Hexes
  9030 | D:6      | Reached * piety under Kikubaaqudgha
  9030 | D:6      | Received a gift from Kikubaaqudgha
  9286 | D:6      | Noticed Maggie
  9300 | D:6      | Killed Maggie
  9483 | D:6      | Learned a level 4 spell: Dispel Undead
  9562 | D:6      | Reached XP level 9. HP: 26/45 MP: 17/22
  9700 | D:6      | Noticed Grinder
  9738 | D:6      | Paralysed by Grinder for 7 turns
  9761 | D:6      | Killed Grinder
 10451 | D:6      | Noticed Dowan
 10463 | D:6      | Killed Dowan
 10624 | D:6      | Noticed Duvessa
 10630 | D:6      | Killed Duvessa
 11304 | D:7      | Found a hide-covered altar of Uskayaw.
 11351 | D:7      | Found Vaytyat's Antique Armour Emporium.
 11361 | D:7      | Bought a glowing robe for 77 gold pieces
 11972 | D:8      | Reached skill level 5 in Staves
 12094 | D:8      | Reached ** piety under Kikubaaqudgha
 12466 | D:8      | Reached XP level 10. HP: 33/50 MP: 19/25
 13051 | D:8      | Found a staircase to the Lair.
 13058 | D:8      | Killed from afar by an orc priest

Illustrated notes

Levels and vault maps discovered:
D:1:      dpeg_arrival_simpleton_b, layout_basic
D:2:      layout_basic, uniq_crazy_yiuf_cottage
D:3:      layout_basic, kennysheep_vampire_church, uniq_sigmund, uniq_ijyb
D:4:      layout_cave_pools, lemuel_doored_altar, temple_statues,
          minmay_stone_trees_small
D:5:      layout_loops_corners
D:6:      layout_basic, serial_shops, shop, nrook_mini_backslash, uniq_duvessa,
          uniq_maggie, uniq_grinder
D:7:      layout_loops_ring, nicolae_uskayaw_dance_hall, serial_shops, shop
D:8:      layout_loops_ring, grunt_lair_entry_orc_guard_hut, fungi_pond_lemuel,
          nrook_loot_triangle
Temple:   dpeg_five_rooms_temple

Skill      XL: |  1  2  3  4  5  6  7  8  9 10 |
---------------+-------------------------------+-----
Necromancy     | 5 6 7 8 9 |  9.8
Stealth        | 3 |  3.0
Dodging        | 3 4 5 6 8 9 |  9.0
Spellcasting   | 4 5 6 7 9 |  9.9
Short Blades   | 1 2 3 |  3.0
Hexes          | 2 3 4 6 |  6.0
Staves         | 1 3 5 |  5.0

Action                   |  1- 3 |  4- 6 |  7- 9 | 10-12 || total
-------------------------+-------+-------+-------+-------++-------
Melee: Dagger            |    11 |       |       |       ||    11
       Punch             |     1 |     1 |     1 |       ||     3
       Short sword       |     2 |    78 |    50 |       ||   130
       Quarterstaff      |       |       |   133 |     4 ||   137
 Cast: Pain              |    64 |    54 |   119 |    15 ||   252
       Vampiric Draining |     2 |     4 |    53 |    11 ||    70
       Slow              |       |     5 |     7 |       ||    12
       Confusing Touch   |       |     3 |     7 |       ||    10
       Dispel Undead     |       |       |     3 |     1 ||     4
       Animate Skeleton  |       |       |     2 |     1 ||     3
       Animate Dead      |       |       |     2 |       ||     2
Invok: Receive Corpses   |       |       |     1 |       ||     1
Evoke: Wand              |       |     3 |    17 |       ||    20
  Use: Potion            |       |       |     2 |       ||     2
 Stab: Confused          |       |     4 |     6 |       ||    10
Armor: Robe              |     4 |    30 |    63 |     1 ||    98
Dodge: Dodged            |    16 |    95 |   175 |    14 ||   300

Table legend: (Time is in decaauts)
 A = Elapsed time spent in this place.
 B = Non-inter-level travel time spent in this place.
 C = Inter-level travel time spent in this place.
 D = Time resting spent in this place.
 E = Time spent auto-exploring this place.
 F = Levels seen in this place.
 G = Mean time per level.
                   A        B        C        D        E       F      G
               +--------+--------+--------+--------+--------+-----+--------+
         Total |  13075 |  12671 |    404 |    364 |  10716 |   9 | 1452.8 |
       Dungeon |  12741 |  12375 |    366 |    364 |  10515 |   8 | 1592.6 |
        Temple |    333 |    295 |     38 |      0 |    201 |   1 |  333.0 |
               +--------+--------+--------+--------+--------+-----+--------+

Top non-repeatable levels by time:
     D:1: 2100 daAuts
     D:6: 2095 daAuts
     D:2: 1946 daAuts
     D:5: 1542 daAuts
     D:3: 1483 daAuts
     D:4: 1351 daAuts
     D:7: 1163 daAuts
     D:8: 1057 daAuts
  Temple: 333 daAuts
